[Event "Early-Titled-Tuesday-Blitz-February-20-2024"]
[Site "Chess.com"]
[Date "2024.02.20"]
[Round "4"]
[White "Nemegejas"]
[Black "CFN_Good_Evening"]
[Result "1-0"]
[WhiteElo "2798"]
[BlackElo "2215"]
[TimeControl "180+1"]
[EndTime "8:38:53 PST"]
[Termination "Nemegejas won by resignation"]

1. Nf3 d5 2. g3 Bg4 3. Bg2 Nd7 4. h3 Bxf3 5. Bxf3 c6 6. Bg2 Ngf6 7. d3 e6 8. O-O Bc5 9. c4 O-O 10. Nc3 a5 11. b3 Re8 12. Bb2 Nb6 13. a3 e5 14. Qc2 Bd4 15. e3 Bxc3 16. Qxc3 Qe7 17. Rfe1 e4 18. cxd5 Nbxd5 19. Qc2 a4 20. b4 h5 21. Rad1 h4 22. g4 Nc7 23. dxe4 Nxe4 24. Rd4 Ng5 25. f4 Nge6 26. Re4 Qf8 27. g5 Nd5 28.
Qf2 f5 29. Re5 Nec7 30. Qxh4 Qf7 31. e4 fxe4 32. Bxe4 Rxe5 33. Bxe5 Re8 34. Qh7+ Kf8 35. Bg6 Qg8 36. Bd6+ Ne7 37. Qxg8+ Kxg8 38. Bxe8 1-0

[Event "Early-Titled-Tuesday-Blitz-February-20-2024"]
[Site "Chess.com"]
[Date "2024.02.20"]
[Round "4"]
[White "Vaathi_Coming"]
[Black "ukchessbomber"]
[Result "1-0"]
[WhiteElo "2911"]
[BlackElo "2603"]
[TimeControl "180+1"]
[EndTime "8:38:53 PST"]
[Termination "Vaathi_Coming won on time"]

1. g3 b6 2. Bg2 Nc6 3. d4 Bb7 4. Nf3 g6 5. O-O Bg7 6. e4 e6 7. c4 Nf6 8. e5 Ng4 9. Nc3 O-O 10.
h3 Nh6 11. Bg5 Qc8 12. g4 d6 13. Qd2 Nxg4 14. hxg4 dxe5 15. dxe5 Bxe5 16. Nxe5 Nxe5 17. Qf4 Bxg2 18. Qxe5 Bxf1 19. Rxf1 f5 20. Rd1 a6 21. Ne2 fxg4 22. Nf4 Rf5 23. Rd8+ Qxd8 24. Qxe6+ Rf7 25.
Bxd8 Rxd8 26. Nd5 Kf8 27. Qe5 Kg8 28. Kg2 c6 29. Ne7+ Kf8 30. Nxc6 1-0

[Event "Early-Titled-Tuesday-Blitz-February-20-2024"]
[Site "Chess.com"]
[Date "2024.02.20"]
[Round "4"]
[White "vladgoncharov"]
[Black "HanSchut"]
[Result "1-0"]
[WhiteElo "2650"]
[BlackElo "2287"]
[TimeControl "180+1"]
[EndTime "8:38:53 PST"]
[Termination "vladgoncharov won on time"]

1. d4 Nf6 2. c4 g6 3. Nc3 d5 4. cxd5 Nxd5 5. e4 Nxc3 6. bxc3 Bg7 7. Rb1 c5 8. Bb5+ Bd7 9. Nf3 O-O 10. O-O Bg4 11. Be3 a6 12. Be2 b5 13. d5 Bxc3 14.
Bxc5 Nd7 15. Bd4 Rc8 16. a4 Bxf3 17. gxf3 Bxd4 18. Qxd4 bxa4 19. Bxa6 Ra8 20. Bb7 Rb8 21. Bc6 Nf6 22. e5 Nh5 23. Ra1 e6 24. d6 Qg5+ 25.
Kh1 Nf4 26. Rg1 Ne2 27. Rxg5 Nxd4 28. Bxa4 Nxf3 29. Rg3 Nxe5 30. Rd1 Rfd8 31. Rc3 Rb4 32. d7 Kf8 33. Rc8 Ke7 34. Ra1 Rxa4 35. Rxa4 Rxd7 36.
Kg2 h5 37. h3 1-0

[Event "Early-Titled-Tuesday-Blitz-February-20-2024"]
[Site "Chess.com"]
[Date "2024.02.20"]
[Round "4"]
[White "djano"]
[Black "AttilaTurzo"]
[Result "0-1"]
[WhiteElo "2666"]
[BlackElo "2505"]
[TimeControl "180+1"]
[EndTime "8:38:54 PST"]
[Termination "AttilaTurzo won by resignation"]

1. e4 c6 2. d4 d5 3. exd5 cxd5 4. Bd3 Nc6 5. c3 Nf6 6. Bf4 Bg4 7. Qb3 Qd7 8. Nd2 e6 9. Ngf3 Bxf3 10. Nxf3 Bd6 11. Bxd6 Qxd6 12. O-O O-O 13. Rae1 Nd7 14. Qc2 g6 15.
Qd2 e5 16. dxe5 Ndxe5 17. Be2 Rad8 18. Rd1 Qf6 19. Nd4 Kg7 20. Bb5 a6 21. Ba4 Nc4 22. Qc1 b5 23. Bb3 N6e5 24. h3 Rfe8 25. Rfe1 h6 26. Bc2 Nc6 27. Nxc6 Qxc6 28. Qf4 Rxe1+ 29.
Rxe1 Qf6 30. Qc1 d4 31. b3 d3 32. bxc4 d2 33. Qd1 dxe1=Q+ 34. Qxe1 bxc4 35. Qe3 Rd6 36. g3 Re6 37. Qc5 Qxc3 38. Ba4 Qe1+ 39. Kg2 Qe4+ 40. Kh2 Qf3 41. Qd4+ Rf6 42. Kg1 Qd3 43. Qe5 c3 44. Qc5 Qb1+ 45. Kh2 Qxa2 46. Bc6 Qxf2+ 47. Bg2 Qxc5 0-1

[Event "Early-Titled-Tuesday-Blitz-February-20-2024"]
[Site "Chess.com"]
[Date "2024.02.20"]
[Round "4"]
[White "arnash_bauyrzhan"]
[Black "wanyaland"]
[Result "0-1"]
[WhiteElo "2262"]
[BlackElo "2497"]
[TimeControl "180+1"]
[EndTime "8:38:54 PST"]
[Termination "wanyaland won on time"]

1. e4 c5 2. Nf3 e6 3. d4 cxd4 4. Nxd4 Nc6 5. Nc3 Qc7 6. g3 a6 7. Bg2 Nf6 8. O-O Nxd4 9. Qxd4 Bc5 10. Qd3 Rb8 11. a4 d6 12. Be3 Nd7 13. a5 Ne5 14.
Qe2 h5 15. h4 Bd7 16. Rfd1 Rc8 17. Bf4 Ng4 18. Be3 Nxe3 19. fxe3 d5 20. Qf3 dxe4 21.
Nxe4 Bc6 22. Qf2 Be7 23. Rf1 O-O 24. Ng5 Bf6 25. Bxc6 Qxc6 26. c3 Bxg5 27. hxg5 g6 28. Qf4 Qb5 29. Rf2 Rc4 30. e4 Qc6 31. Re1 Qc5 32.
g4 h4 0-1

[Event "Early-Titled-Tuesday-Blitz-February-20-2024"]
[Site "Chess.com"]
[Date "2024.02.20"]
[Round "4"]
[White "doctorcristian"]
[Black "Elnaz_Kaliakhmet"]
[Result "0-1"]
[WhiteElo "2593"]
[BlackElo "2428"]
[TimeControl "180+1"]
[EndTime "8:38:57 PST"]
[Termination "Elnaz_Kaliakhmet won by checkmate"]

1. d4 Nf6 2. Nc3 d5 3. Bf4 c5 4.
e3 a6 5. h3 Nc6 6. Nf3 e6 7.
Ne5 cxd4 8. Nxc6 bxc6 9. exd4 Bb4 10. Bd3 O-O 11. O-O c5 12. dxc5 Bxc5 13. Na4 Bd6 14. Bxd6 Qxd6 15. c4 Bd7 16. cxd5 Nxd5 17. Nc3 Bc6 18.
Be4 Rfd8 19. Nxd5 Bxd5 20. Bxd5 Qxd5 21. Qe2 a5 22. Rfd1 Qb7 23. Rd2 Rxd2 24. Qxd2 h6 25. Rd1 a4 26. Rc1 Rb8 27. Rc2 Qb5 28. Qd6 Rb6 29.
Qd8+ Kh7 30. g3 a3 31. bxa3 Qb1+ 32. Kg2 Qxc2 33. Qxb6 Qxa2 34. Qb4 Qd5+ 35. Kh2 Qf3 36. Kg1 Qd1+ 37. Kg2 Qd5+ 38. Kh2 Qf3 39. Qc4 Qxf2+ 40.
Kh1 Qf3+ 41. Kh2 Qxa3 42. Qe4+ g6 43. Qe5 Qa2+ 44. Kh1 Qb1+ 45. Kh2 Qf5 46. Qc7 Qf2+ 47. Kh1 Kg7 48. h4 g5 49. hxg5 hxg5 50. Qe5+ Kg6 51. Qe4+ Qf5 52. Qe3 f6 53. Kh2 e5 54. Qb3 Qf2+ 55. Kh3 Qf1+ 56. Kh2 Qe2+ 57. Kh3 g4+ 58. Kh4 Qh2+ 59. Kxg4 Qh5# 0-1

[Event "Early-Titled-Tuesday-Blitz-February-20-2024"]
[Site "Chess.com"]
[Date "2024.02.20"]
[Round "4"]
[White "martinmena"]
[Black "ProChessWICTH"]
[Result "1-0"]
[WhiteElo "2198"]
[BlackElo "2487"]
[TimeControl "180+1"]
[EndTime "8:38:57 PST"]
[Termination "martinmena won on time"]

1. c4 Nf6 2. g3 e6 3. Bg2 d5 4.
Nf3 Be7 5. O-O O-O 6. d4 dxc4 7.
Qc2 a6 8. a4 Nbd7 9. Qxc4 b5 10. Qc6 Rb8 11. Bf4 Nd5 12. axb5 Nxf4 13. gxf4 axb5 14. Ra7 Bd6 15. Ne5 f6 16. Nd3 Qe8 17. Nc3 Rb6 18. Qf3 b4 19. Ne4 e5 20. Ndc5 exd4 21.
Qb3+ Kh8 22. Ne6 Rf7 23. Nxc7 Bxc7 24. Rxc7 Re6 25. Rxc8 Qxc8 26. Qxe6 Rf8 27. Nd6 1-0

[Event "Early-Titled-Tuesday-Blitz-February-20-2024"]
[Site "Chess.com"]
[Date "2024.02.20"]
[Round "4"]
[White "ajeale2"]
[Black "Doublekk14"]
[Result "0-1"]
[WhiteElo "2493"]
[BlackElo "2301"]
[TimeControl "180+1"]
[EndTime "8:38:58 PST"]
[Termination "Doublekk14 won on time"]

1. d4 Nf6 2. Bf4 d5 3. e3 e6 4. Nd2 Bd6 5. Bg3 O-O 6. Bd3 c5 7. c3 Nc6 8. Ngf3 Qe7 9. Ne5 Bxe5 10. dxe5 Nd7 11. Nf3 f5 12. exf6 Nxf6 13. Bh4 e5 14. Bb5 Rd8 15. O-O e4 16. Nd2 Ne5 17. Be2 Be6 18.
a4 c4 19. f4 Nd3 20. b3 Rac8 21. bxc4 Qc5 22. Bxd3 Qxe3+ 23. Kh1 Qxd3 24. Bxf6 gxf6 25.
f5 Bf7 26. Qg4+ Kh8 27. Rad1 e3 28. Qh3 dxc4 29. Qh4 Rc6 30. Nf3 e2 0-1

[Event "Early-Titled-Tuesday-Blitz-February-20-2024"]
[Site "Chess.com"]
[Date "2024.02.20"]
[Round "4"]
[White "wonderfultime"]
[Black "JSPrepz"]
[Result "0-1"]
[WhiteElo "3058"]
[BlackElo "2877"]
[TimeControl "180+1"]
[EndTime "8:38:59 PST"]
[Termination "JSPrepz won by resignation"]

1. d4 Nf6 2. Nf3 c5 3. c3 g6 4. Bf4 Bg7 5. e3 cxd4 6. cxd4 O-O 7. Nc3 Qb6 8. Qb3 Qxb3 9. axb3 Nc6 10. Be2 d6 11. h3 Be6 12. Bc4 d5 13. Be2 Rfc8 14. O-O Bf5 15. Rfc1 Nb4 16. Ne1 Ne4 17. g4 Be6 18.
Nf3 h6 19. Kg2 g5 20. Bh2 f5 21. gxf5 Bxf5 22. Nb5 Rxc1 23. Rxc1 a6 24. Nc7 Rc8 25.
Ra1 e5 26. Ra4 Rxc7 27. Rxb4 Rc2 28. Kf1 Bxh3+ 29. Ke1 exd4 30. Nxd4 Rxb2 31. Rxb7 Bxd4 32. exd4 Rb1+ 33. Bd1 Bg4 0-1

[Event "Early-Titled-Tuesday-Blitz-February-20-2024"]
[Site "Chess.com"]
[Date "2024.02.20"]
[Round "4"]
[White "Zorbos"]
[Black "Karttunen"]
[Result "0-1"]
[WhiteElo "2470"]
[BlackElo "2675"]
[TimeControl "180+1"]
[EndTime "8:39:00 PST"]
[Termination "Karttunen won by resignation"]

1. e4 c5 2. Nf3 d6 3. d4 cxd4 4. Nxd4 Nf6 5. Nc3 a6 6. Be3 e5 7. Nb3 Be6 8. f3 h5 9. Qd2 Nbd7 10. O-O-O g6 11. Kb1 Rc8 12. g3 Qc7 13. h3 b5 14. Nd5 Bxd5 15. exd5 Bg7 16. Bg2 O-O 17. g4 Rfe8 18. f4 exf4 19. Bxf4 Ne4 20. Bxe4 Rxe4 21. Rc1 Nb6 22. Qh2 Nc4 23. c3 Rce8 24. Rc2 h4 25.
Nd2 Re2 26. Qg1 Ne3 27. Rc1 b4 28. cxb4 Qb7 29. Bxe3 R8xe3 30. Nc4 Qxb4 31. Rh2 Re1 32. Qxe3 Rxe3 33. Nxe3 Qe4+ 34. Nc2 Qe5 0-1

[Event "Early-Titled-Tuesday-Blitz-February-20-2024"]
[Site "Chess.com"]
[Date "2024.02.20"]
[Round "4"]
[White "Jumbo"]
[Black "SaiAgni_98"]
[Result "1-0"]
[WhiteElo "2821"]
[BlackElo "2569"]
[TimeControl "180+1"]
[EndTime "8:39:01 PST"]
[Termination "Jumbo won by checkmate"]

1. e4 e6 2. d4 d5 3. e5 c5 4.
c3 Bd7 5. Nf3 cxd4 6. cxd4 Qb6 7. Nc3 Nc6 8. a3 Nh6 9. b4 Nf5 10. Na4 Qc7 11. Bb2 Rc8 12. Bd3 Be7 13. O-O O-O 14.
Re1 Qb8 15. Rc1 Rc7 16. Nc5 Rfc8 17. Qd2 Nh4 18. Ng5 h6 19. Nh3 Nd8 20. Qf4 Ng6 21. Qg4 Nf8 22. Nf4 f5 23. exf6 Bxf6 24. Nh5 Kh8 25. Nxf6 gxf6 26. Qh4 Kg7 27. Re3 Be8 28.
Rh3 h5 29. Rf3 Rf7 30. Rg3+ Kh8 31. Re1 Nh7 32. Qxh5 Qf4 33. Qg6 Rf8 34. Qg7# 1-0

[Event "Early-Titled-Tuesday-Blitz-February-20-2024"]
[Site "Chess.com"]
[Date "2024.02.20"]
[Round "4"]
[White "Der_Balak_3Halak"]
[Black "AlexanderKing"]
[Result "1-0"]
[WhiteElo "2449"]
[BlackElo "2636"]
[TimeControl "180+1"]
[EndTime "8:39:01 PST"]
[Termination "Der_Balak_3Halak won on time"]

1. e4 e6 2. d4 d5 3. exd5 exd5 4. Bd3 c5 5. Qe2+ Qe7 6. dxc5 Qxe2+ 7. Nxe2 Bxc5 8. O-O Nc6 9. Nd2 Nf6 10. Nb3 Bb6 11. a4 a6 12. c3 O-O 13. Ned4 Ne5 14. Be2 Re8 15. Bf4 Bd7 16. Rfe1 Nc4 17. a5 Ba7 18.
Bxc4 dxc4 19. Nd2 Bxd4 20. cxd4 Nd5 21. Bg3 Bb5 22. Ne4 f5 23. Nc3 Nb4 24. d5 Nd3 25.
Rxe8+ Rxe8 26. d6 Rd8 27. Nd5 Kf7 28. Rb1 g5 29. h4 f4 30. Bh2 1-0

[Event "Early-Titled-Tuesday-Blitz-February-20-2024"]
[Site "Chess.com"]
[Date "2024.02.20"]
[Round "4"]
[White "Heinza9"]
[Black "LiadCuba"]
[Result "0-1"]
[WhiteElo "2296"]
[BlackElo "2511"]
[TimeControl "180+1"]
[EndTime "8:39:01 PST"]
[Termination "LiadCuba won by resignation"]

1. e4 d5 2. exd5 Nf6 3. Bb5+ Nbd7 4. c4 a6 5. Ba4 b5 6. cxb5 Nb6 7. Bb3 axb5 8. d4 Nbxd5 9. Ne2 e6 10. O-O Be7 11.
Nbc3 b4 12. Nxd5 Nxd5 13. Nf4 Bb7 14. Qg4 O-O 15. Nh5 g6 16. Bh6 f5 17. Qh3 Rf7 18.
Nf4 Nxf4 19. Bxf4 Bd5 20. Rfe1 Bxb3 21. Qxb3 Qxd4 22. Rxe6 Qxf4 23. Rxe7 Rf8 24. g3 Qd6 25. Rae1 Kg7 26. R7e6 Qd4 27. Rd1 Qc5 28. h4 Re7 29. Rde1 Rfe8 30. Rxe7+ Rxe7 31. Rxe7+ Qxe7 32. Qc4 c5 33.
Kg2 Qb7+ 34. f3 Qe7 35. Qxc5 Qxc5 0-1

[Event "Early-Titled-Tuesday-Blitz-February-20-2024"]
[Site "Chess.com"]
[Date "2024.02.20"]
[Round "4"]
[White "Kumi29"]
[Black "snowlord"]
[Result "1-0"]
[WhiteElo "2606"]
[BlackElo "2878"]
[TimeControl "180+1"]
[EndTime "8:39:02 PST"]
[Termination "Kumi29 won by resignation"]

1. d4 e6 2. e4 d5 3. exd5 exd5 4. Bd3 Nc6 5. c3 Bd6 6. Qf3 Be6 7. Ne2 Qd7 8. Bf4 O-O-O 9. Bxd6 Qxd6 10. Nd2 Nf6 11. h3 Kb8 12. O-O-O Rhe8 13. Nf4 Bc8 14. Rde1 Ne7 15.
Nh5 Nxh5 16. Qxh5 Qf6 17. Nf3 Qf4+ 18. Kb1 Bf5 19. Bxf5 Qxf5+ 20. Qxf5 Nxf5 21. Kc2 f6 22. Kd3 c6 23. Rxe8 Rxe8 24. Re1 Rxe1 25. Nxe1 Kc7 26.
g4 Nd6 27. f3 b6 28. Ng2 Kd7 29. Nf4 a5 30. b3 g6 31. Ng2 c5 32. dxc5 bxc5 33.
Nf4 Kc6 34. Ne6 h6 35. Nf8 g5 36. Ne6 Nf7 37. f4 gxf4 38. Nxf4 Ng5 39. h4 Nf3 40. h5 Ne5+ 41. Ke2 Nxg4 42. Ne6 Kd6 43. Nd8 Ne5 44. Nb7+ Kc6 45. Nxa5+ Kb6 46.
b4 c4 47. Ke3 f5 48. Kd4 f4 49.
Kxe5 f3 50. Kxd5 1-0

[Event "Early-Titled-Tuesday-Blitz-February-20-2024"]
[Site "Chess.com"]
[Date "2024.02.20"]
[Round "4"]
[White "Chesstiger64"]
[Black "TitarovVasiliYouTube"]
[Result "0-1"]
[WhiteElo "2335"]
[BlackElo "2529"]
[TimeControl "180+1"]
[EndTime "8:39:03 PST"]
[Termination "TitarovVasiliYouTube won by resignation"]

1. d4 d5 2. Nf3 Bf5 3. e3 c6 4.
c4 e6 5. Nc3 Nd7 6. Be2 Ngf6 7.
Nh4 Bg6 8. Nxg6 hxg6 9. h3 Bd6 10. f4 Nh5 11. O-O Ng3 12. Rf2 Qh4 13. c5 Bc7 14. Bf3 Nf6 15. e4 dxe4 16. Be2 O-O-O 17. b4 Nf5 18. b5 Nxd4 19. bxc6 Nf3+ 20. Bxf3 Rxd1+ 21. Bxd1 bxc6 22. Ba4 Ba5 23. Ne2 Bb4 24. Be3 Ng4 25.
Bd4 Nxf2 26. Bxf2 Qe7 27. Bxc6 Bxc5 28. Rc1 Bxf2+ 29. Kxf2 Qh4+ 30. g3 Qxh3 31. Bxe4+ Kd7 32. Rb1 Qg4 33. Bf3 Rh2+ 34. Ke3 Qf5 35. Rb7+ Kc8 36. Nd4 Qc5 37. Rb3 Rxa2 38. Kd3 Ra3 39. Rxa3 Qxa3+ 40.
Kd2 Qb4+ 41. Kd3 a5 42. Nc6 Qb5+ 43. Kd4 Qf1 44. Be4 a4 45. Kc5 Kc7 46. Nd4 a3 47. Nb5+ Qxb5+ 48. Kxb5 a2 49. Bb1 a1=Q 0-1

[Event "Early-Titled-Tuesday-Blitz-February-20-2024"]
[Site "Chess.com"]
[Date "2024.02.20"]
[Round "4"]
[White "FontVella8"]
[Black "Sjakkerntobi"]
[Result "1-0"]
[WhiteElo "2706"]
[BlackElo "2500"]
[TimeControl "180+1"]
[EndTime "8:39:04 PST"]
[Termination "FontVella8 won by resignation"]

1. e4 e6 2. d4 d5 3. Nc3 Bb4 4.
e5 Ne7 5. Bd2 b6 6. f4 Ba6 7.
Nf3 Bxf1 8. Rxf1 Nf5 9. Kf2 c5 10. Nb5 Bxd2 11. Qxd2 a6 12. Nc3 O-O 13. Ne2 Nc6 14. c3 f6 15. Kg1 fxe5 16. fxe5 Nh4 17.
Nxh4 Qxh4 18. g3 Qe4 19. Rae1 Rxf1+ 20. Rxf1 Rf8 21. Rxf8+ Kxf8 22. Kf2 cxd4 23. cxd4 Ke7 24. Qg5+ Kf7 25. Qf4+ Qxf4+ 26. gxf4 Ne7 27. a4 Nf5 28. Ke1 Kg6 29. Kd2 Kh5 30. Kc3 a5 31. b4 Kg4 32. bxa5 bxa5 33. Kd3 Kf3 34. Nc1 Kxf4 35. Nb3 g5 36. Nxa5 Ne7 37. Nb7 Nc6 38. a5 h5 39. Nc5 Kf5 40. a6 g4 41. Ke3 h4 42.
Nb7 g3 43. h3 g2 44. Kf2 Ke4 45. Nd8 Na7 46. Nxe6 Kf5 47. Nc7 Kg5 48. Nxd5 Kf5 49. Nc7 Nc6 50. Kxg2 1-0

[Event "Early-Titled-Tuesday-Blitz-February-20-2024"]
[Site "Chess.com"]
[Date "2024.02.20"]
[Round "4"]
[White "Hovik_Hayrapetyan"]
[Black "ChessRespected"]
[Result "1-0"]
[WhiteElo "2881"]
[BlackElo "2587"]
[TimeControl "180+1"]
[EndTime "8:39:05 PST"]
[Termination "Hovik_Hayrapetyan won on time"]

1. d4 d5 2. c4 c6 3. Nf3 Nf6 4. Nc3 e6 5. e3 Nbd7 6. Bd3 dxc4 7. Bxc4 b5 8. Bd3 Bd6 9. O-O O-O 10. Ne4 Nxe4 11. Bxe4 Bb7 12. Nd2 Qb8 13. h3 c5 14.
Qf3 Bxe4 15. Nxe4 cxd4 16. exd4 Re8 17. Be3 Nb6 18. Rac1 Nd5 19. Rc6 Bf8 20. Rfc1 Qb7 21. Rc7 Qxc7 22. Rxc7 Nxc7 23. Nf6+ gxf6 24. Qg3+ Kh8 25.
Qxc7 Kg8 26. g4 a6 27. h4 Rac8 28. Qb7 Rc2 29. Qxa6 Rxb2 30. d5 exd5 31. Qxf6 Rb1+ 32. Kg2 Bg7 33. Qc6 Rxe3 34. Qa8+ Bf8 35. fxe3 Re1 36. Kf2 Rh1 37. Qxd5 Rxh4 38. Qg5+ Bg7 39. Qxh4 1-0

[Event "Early-Titled-Tuesday-Blitz-February-20-2024"]
[Site "Chess.com"]
[Date "2024.02.20"]
[Round "4"]
[White "kacperkarwowski"]
[Black "Kostukov_Alex"]
[Result "1/2-1/2"]
[WhiteElo "2524"]
[BlackElo "2357"]
[TimeControl "180+1"]
[EndTime "8:39:06 PST"]
[Termination "Game drawn by repetition"]

1. d4 g6 2. c4 Bg7 3. Nc3 d6 4. e4 e5 5. Nf3 exd4 6. Nxd4 Nc6 7. Be3 Nge7 8. Be2 O-O 9. O-O f5 10. exf5 Bxd4 11. Bxd4 Nxf5 12. Be3 Nxe3 13. fxe3 Rxf1+ 14. Bxf1 Be6 15. Nd5 Bxd5 16. Qxd5+ Kg7 17. c5 Qe7 18. cxd6 Qxe3+ 19. Kh1 cxd6 20. Qxd6 Rf8 21. h3 Nd4 22. Qc7+ Rf7 23. Qc3 Qxc3 24. bxc3 Nc2 25. Rb1 b6 26. Be2 Rf2 27. Bf3 Na3 28. Rd1 a5 29. Rd7+ Kh6 30. Bd5 Rd2 31. Kh2 Nb5 32. c4 Nc3 33. Rb7 Nxd5 34.
cxd5 Rxd5 35. Rxb6 Rd2 36. Rb5 Rxa2 37. Kg3 a4 38. h4 a3 39. Ra5 Ra1 40. Kf3 Kg7 41. Kg3 Kf6 42. Kh2 Ke6 43. h5 Kf6 44. hxg6 hxg6 45. Kg3 Ke6 46. Kg4 Rg1 47. Rxa3 Rxg2+ 48. Kf3 Rh2 49. Ra6+ Kf5 50. Ra5+ Kf6 51. Kg3 Rb2 52. Kg4 Rb4+ 53. Kg3 Re4 54. Rb5 g5 55. Rb8 Kg6 56. Rg8+ Kf5 57. Rf8+ Kg6 58. Rg8+ Kh5 59. Rh8+ Kg6 60. Rg8+ 1/2-1/2

[Event "Early-Titled-Tuesday-Blitz-February-20-2024"]
[Site "Chess.com"]
[Date "2024.02.20"]
[Round "4"]
[White "David_George21"]
[Black "SirStrateg"]
[Result "0-1"]
[WhiteElo "2327"]
[BlackElo "2653"]
[TimeControl "180+1"]
[EndTime "8:39:07 PST"]
[Termination "SirStrateg won by resignation"]

1. e4 d6 2. d4 Nf6 3. Nc3 c6 4. f4 Qa5 5. Bd3 e5 6. Nf3 exd4 7. Nxd4 g6 8. Be3 Bg7 9. h3 O-O 10. O-O Nbd7 11. Qf3 a6 12. g4 Re8 13. g5 Nh5 14. Rad1 Qc7 15. Qg2 b5 16. a3 Bb7 17.
Be2 c5 18. Nf3 Bxc3 19. bxc3 Bxe4 20. Bd3 Bc6 21. Rde1 Nb6 22. Bd2 Nd5 23. f5 Ndf4 24. Qg4 Nxd3 25. cxd3 Bd7 26. Nh4 Rxe1 27. Bxe1 Re8 28.
Qf3 Bc6 29. Qf2 Qe7 30. Bd2 Qe5 31. fxg6 fxg6 32. Re1 Qd5 33. Rxe8+ Bxe8 34. Qf3 Bc6 35. Qxd5+ Bxd5 36. Kf2 Kf7 37. Ng2 Bxg2 38. Kxg2 Ke6 39. Kf3 Kf5 40. c4 Ng7 41. h4 Ne6 42. Bc3 Nc7 43.
Bd2 Ne6 44. Bc3 Nf4 45. Ba5 Nxd3 46. Bc7 Ne5+ 47. Ke3 Nxc4+ 48. Kd3 Ke5 49. a4 Kd5 50. axb5 axb5 51. Kc3 Ne5 52. Bd8 Nf3 53. Bf6 Nxh4 54. Bd8 Nf5 55. Kd3 h5 56. gxh6 Nxh6 57. Bg5 Nf5 58.
Bd2 b4 59. Kc2 Nd4+ 60. Kd3 c4+ 61. Ke3 c3 62. Bc1 Kc4 63. Ke4 b3 0-1

[Event "Early-Titled-Tuesday-Blitz-February-20-2024"]
[Site "Chess.com"]
[Date "2024.02.20"]
[Round "4"]
[White "KnightmareJoker"]
[Black "Muracle"]
[Result "0-1"]
[WhiteElo "2177"]
[BlackElo "2475"]
[TimeControl "180+1"]
[EndTime "8:39:07 PST"]
[Termination "Muracle won by resignation"]

1. e4 c6 2. d4 d5 3. exd5 cxd5 4. Bd3 Nc6 5. c3 Nf6 6. Bf4 Bg4 7. Qb3 Qd7 8. Nd2 e6 9. Ngf3 Bxf3 10. Nxf3 Bd6 11. Bg3 O-O 12. O-O Bxg3 13. hxg3 Ne4 14. Bxe4 dxe4 15. Ng5 Qd5 16. Qxd5 exd5 17. Nh3 f5 18.
Nf4 Ne7 19. a4 Kf7 20. a5 g5 21. Ne2 Rfc8 22. Nc1 Ke6 23. Nb3 Kd6 24. a6 b6 25. Nd2 Rf8 26. Nb1 Rf6 27. Na3 Nc8 28. Rfc1 Kc6 29. c4 Nd6 30. c5 Nc4 31. Nxc4 dxc4 32.
Rxc4 Kd5 33. b3 Rc6 34. Rac1 b5 35. R4c2 Rac8 36. Ra2 Kxd4 37. b4 Ke5 38. Rd1 Ke6 39. Kf1 R8c7 40. Rad2 Rxa6 41. Rd6+ Rxd6 42. Rxd6+ Ke5 43.
Ke2 a5 44. bxa5 Rxc5 45. Rb6 Rc2+ 46. Ke1 Rb2 47. a6 b4 48. Rb5+ Kd4 49. Rxf5 Ra2 50.
Rxg5 Rxa6 51. f4 Ke3 52. Rd5 b3 53. Rd1 b2 54. f5 Ra1 0-1

[Event "Early-Titled-Tuesday-Blitz-February-20-2024"]
[Site "Chess.com"]
[Date "2024.02.20"]
[Round "4"]
[White "KuzubovYuriy"]
[Black "Yeritsyaan"]
[Result "1-0"]
[WhiteElo "2957"]
[BlackElo "2613"]
[TimeControl "180+1"]
[EndTime "8:39:08 PST"]
[Termination "KuzubovYuriy won on time"]

1. d4 Nf6 2. Nf3 g6 3. Nbd2 d5 4. b4 Bg7 5. e3 O-O 6. c4 a5 7. b5 c5 8. Bb2 cxd4 9. Bxd4 Bf5 10. Rc1 dxc4 11. Bxc4 Nbd7 12. O-O Nb6 13. Be2 Nbd5 14.
Qb3 a4 15. Qa3 Re8 16. Rfd1 Bf8 17. Qb2 Qa5 18. a3 Rac8 19. Nc4 Qa8 20. Bxf6 Nxf6 21.
Nb6 Rxc1 22. Nxa8 Rxd1+ 23. Bxd1 Rxa8 24. h3 Bg7 25. Nd4 Bd7 26. Qb4 e5 27. Nf3 e4 28.
Nd4 Bf8 29. Qb2 Nd5 30. Bc2 Nb6 31. Bxe4 Nc4 32. Qc3 Nxa3 33. Bxb7 Re8 34. Bc6 Rc8 35.
Qa5 Bd6 36. Qxa4 1-0

[Event "Early-Titled-Tuesday-Blitz-February-20-2024"]
[Site "Chess.com"]
[Date "2024.02.20"]
[Round "4"]
[White "ketster"]
[Black "Hope_6"]
[Result "1/2-1/2"]
[WhiteElo "2574"]
[BlackElo "2787"]
[TimeControl "180+1"]
[EndTime "8:39:08 PST"]
[Termination "Game drawn by repetition"]

1. d4 d5 2. c4 e6 3. Nc3 Nf6 4.
Nf3 Be7 5. cxd5 exd5 6. Bg5 c6 7. e3 O-O 8. Bd3 h6 9. Bf4 Bg4 10. h3 Bh5 11. g4 Bg6 12. Bxg6 fxg6 13. Ne5 Qe8 14.
Qd3 g5 15. Bg3 Nbd7 16. Ng6 Rf7 17. O-O-O Bb4 18. f3 Qe6 19. h4 Bxc3 20. bxc3 Nh7 21. Rdf1 Re8 22. Ne5 Nxe5 23. Bxe5 c5 24. f4 c4 25. Qc2 Qxg4 26. fxg5 Rxf1+ 27. Rxf1 hxg5 28. Qg6 Re7 29. h5 Qe2 30. Qf5 Qxe3+ 31. Kc2 Qe2+ 32. Kc1 Qe3+ 33. Kc2 Qe2+ 34. Kc1 Qe3+ 1/2-1/2

[Event "Early-Titled-Tuesday-Blitz-February-20-2024"]
[Site "Chess.com"]
[Date "2024.02.20"]
[Round "4"]
[White "erugee"]
[Black "PositionalPanther"]
[Result "0-1"]
[WhiteElo "2320"]
[BlackElo "2518"]
[TimeControl "180+1"]
[EndTime "8:39:08 PST"]
[Termination "PositionalPanther won on time"]

1. e4 e6 2. d3 d5 3. Nd2 Nf6 4. Ngf3 Nc6 5. e5 Nd7 6. d4 f6 7. Bb5 fxe5 8. dxe5 Be7 9. O-O O-O 10. Qe2 Qe8 11.
c4 a6 12. Ba4 dxc4 13. Bxc6 bxc6 14. Qxc4 Nb6 15. Qc2 Nd5 16. Nb3 c5 17. Be3 Bb7 18. Bxc5 Bxc5 19. Nxc5 Nb4 20. Qb3 Bxf3 21. gxf3 Nd5 22.
Kh1 Rb8 23. Qc2 Rb4 24. Rg1 Rh4 25. Rg3 Qh5 26. Rg2 Nf4 27. Nxe6 Nxe6 28. Rag1 Qxf3 0-1

[Event "Early-Titled-Tuesday-Blitz-February-20-2024"]
[Site "Chess.com"]
[Date "2024.02.20"]
[Round "4"]
[White "WiktoriaPOL"]
[Black "szachuspl"]
[Result "0-1"]
[WhiteElo "2282"]
[BlackElo "2508"]
[TimeControl "180+1"]
[EndTime "8:39:09 PST"]
[Termination "szachuspl won by checkmate"]

1. c4 e5 2. Nc3 Bb4 3. Nd5 Be7 4. g3 Nc6 5. Bg2 Nf6 6. Nf3 O-O 7. d4 d6 8. O-O Bg4 9. dxe5 dxe5 10. Nxe7+ Qxe7 11. Be3 Rad8 12. Qb3 b6 13. Rad1 Bxf3 14. Bxf3 Nd4 15. Bxd4 exd4 16. Bc6 Qxe2 17. Rfe1 Qh5 18. Kg2 Ng4 19.
h3 Ne5 20. Qb5 f6 21. f4 a6 22. Bd5+ Kh8 23. Qxa6 Rxd5 24. cxd5 Qf3+ 25. Kh2 Qf2+ 26. Kh1 Nf3 27. Qe2 Qxg3 28. Qg2 Qxg2+ 29. Kxg2 Nxe1+ 30. Rxe1 Rd8 31. Re4 Kg8 32. Rxd4 Kf7 33. Kf3 Ke7 34. Ke4 Kd6 35. Rd2 Re8+ 36. Kd4 Re1 37. a4 Rf1 38. Ke4 Re1+ 39. Kf5 Re3 40. h4 Ke7 41. Rd4 g6+ 42. Kg4 h5# 0-1

[Event "Early-Titled-Tuesday-Blitz-February-20-2024"]
[Site "Chess.com"]
[Date "2024.02.20"]
[Round "4"]
[White "pedro_nascimento85"]
[Black "Kapitan_Bayan"]
[Result "0-1"]
[WhiteElo "2107"]
[BlackElo "2354"]
[TimeControl "180+1"]
[EndTime "8:39:09 PST"]
[Termination "Kapitan_Bayan won on time"]

1. d4 d5 2. c4 dxc4 3. Nf3 Nf6 4. e3 e6 5. Bxc4 a6 6. a4 c5 7. Nc3 Nc6 8. O-O Be7 9. Qe2 O-O 10. Rd1 Qc7 11.
d5 exd5 12. Nxd5 Nxd5 13. Bxd5 Nb4 14. Bc4 Bf6 15. e4 Bg4 16. h3 Bh5 17. Rb1 Rad8 18.
Bd2 Bg6 19. Bc3 Rfe8 20. Bxf6 gxf6 21. Nd2 Nc6 22. f3 f5 23. Qf2 fxe4 24. Nxe4 Nd4 25. Nc3 Bxb1 26. Rxb1 Qe5 27. Rf1 Qe3 28. Qxe3 Rxe3 29.
Kf2 Re5 30. Rd1 Nc6 31. Rg1 Rd2+ 32. Kg3 Rxb2 33. Ne4 Kg7 34. Rd1 f5 35. Ng5 Nd4 0-1